 Dungeon Sprint DCSS version 0.31-a0-662-g684573625c (webtiles) character file.

Game seed: 4072731194274963743

170071 rocky1 the Djinni Blade (level 16, -19/141 HPs)
             Began as a Djinni Shapeshifter on Sept 1, 2023.
             Was an Initiate of Gozag.
             Demolished by Mennas
             ... wielding a +4 eudemon blade of holy wrath
              (23 damage)
             ... in the Dungeon (Sprint IX: "|||||||||||||||||||||||||||||") on Sept 2, 2023.
             The game lasted 00:39:28 (8107 turns).

rocky1 the Djinni Blade (Djinni Shapeshifter)       Turns: 8107, Time: 00:39:29

Health: -19/141    AC: 11    Str: 13    XL:     16   Next: 97%
Gold:   6325       EV: 26    Int: 15    God:    Gozag SH: 19 Dex: 23

rFire   + . .        k - +11 Sulking Sword {sonic wave}
rCold   . . .        E - +0 tower shield {reflect}
rNeg    + . .        K - +3 robe of Clouds {*Thunder rCloud rElec}
rPois   ∞            u - +1 helmet {Int+3}
rElec   +            y - scarf {repulsion}
rCorr   .            L - +0 pair of gloves {Stlth+}
SInv    +            (boots unavailable)
Will    ++...        l - amulet "Teawnit" {Faith rElec Dex-2 SInv}
Stlth   +            g - ring of the Illusory Beds {Drain rPois rN+ Will+ Dex+4}
HPRegen 0.43/turn    v - ring of ice
MPRegen 0.00/turn

%: no teleportation, repel missiles, reflection, faith, infuse magic (-20 HP)
@: mighty, flying, hasted, glowing, silenced, very quick
A: sickness immunity, fire resistance 2, cold vulnerability 1, float, innate
caster, HP casting, extra vitality 1
}: 4/17 runes: decaying, serpentine, barnacled, gossamer
a: Renounce Religion


You were in the Dungeon.
You worshipped Gozag.
Gozag was greatly pleased with you.
You visited 1 branch You collected 24251 gold pieces.
You spent 10170 gold pieces at shops.
You paid 7756 gold pieces to Gozag.

Inventory:

Hand Weapons
 k - the +11 Sulking Sword (weapon) {sonic wave}
   (You found it in the Dungeon)
 m - a +2 great sword of flaming
 I - the +7 captain's cutlass {speed, disarm}
   (You found it in the Dungeon)
Missiles
 h - a curare-tipped dart
 n - 2 throwing nets
Armour
 a - the +1 robe of the Orange {+Inv Will+ Dex+4}
   (You bought it in a shop in the Dungeon)

   Dex+4:     It affects your dexterity (+4).
   Will+:     It increases your willpower.
   +Inv:      It lets you turn invisible.
 u - a +1 helmet of intelligence (worn)
 y - a scarf of repulsion (worn)
 B - a +1 ring mail of cold resistance
 E - a +0 tower shield of reflection (worn)
 J - the +9 plate armour "Pan Veha" {Slay+2}
   (You bought it in a shop in the Dungeon)

   Slay+2:    It affects your accuracy & damage with ranged weapons and melee
   (+2).
 K - the +3 robe of Clouds (worn) {*Thunder rCloud rElec}
   (You found it in the Dungeon)

   *Thunder:  It occasionally creates storm clouds above nearby enemies.
   rCloud:    It grants its wearer immunity to clouds.
   rElec:     It insulates you from electricity.
 L - a +0 pair of gloves of stealth (worn)
Jewellery
 g - the ring of the Illusory Beds (left hand) {Drain rPois rN+ Will+ Dex+4}
   (You bought it in a shop in the Dungeon)

   [ring of poison resistance]

   Dex+4:     It affects your dexterity (+4).
   rPois:     It protects you from poison rN+: It protects you from negative
   energy.
   Will+:     It increases your willpower.
   Drain:     It drains your maximum health when unequipped.
 l - the amulet "Teawnit" (around neck) {Faith rElec Dex-2 SInv}
   (You bought it in a shop in the Dungeon)

   [amulet of faith]

   Faith:     It allows you to gain divine favour quickly.
   Dex-2:     It affects your dexterity (-2).
   rElec:     It insulates you from electricity.
   SInv:      It lets you see invisible.
 v - a ring of ice (right hand)
 N - an amulet of regeneration
Talismans
 c - a beast talisman
 d - a flux talisman
 i - a dragon-blood talisman
 q - a serpent talisman
 t - a maw talisman
Wands
 j - a wand of acid (11) (quivered)
 o - a wand of digging (6)
 p - a wand of iceblast (20)
 w - a wand of flame (13)
Scrolls
 r - 2 scrolls of identify
 s - 5 scrolls of fear
 A - a scroll of butterflies
 C - 3 scrolls of fog
 D - a scroll of vulnerability
 H - 5 scrolls of enchant armour
 P - 3 scrolls of blinking
Potions
 b - 2 potions of brilliance
 e - 11 potions of curing
 z - 2 potions of mutation
 F - 3 potions of might
 G - 3 potions of resistance
 O - a potion of berserk rage
Miscellaneous
 f - a phial of floods


   Skills:
 + Level 21.8 Fighting
 - Level 26.9 Long Blades
 - Level 17.0 Armour
 - Level 19.2 Dodging
 - Level 11.1 Shields
 - Level 10.7 Unarmed Combat
 - Level 9.6 Spellcasting
 - Level 9.6 Conjurations
 - Level 9.6 Hexes
 - Level 9.6 Summonings
 - Level 9.6 Necromancy
 - Level 9.6 Translocations
 - Level 9.6 Transmutations
 - Level 9.6 Fire Magic
 - Level 9.6 Ice Magic
 - Level 9.6 Air Magic
 - Level 9.6 Earth Magic
 - Level 9.6 Poison Magic
 - Level 2.0 Evocations
 - Level 10.7 Shapeshifting


You knew the following spells:

 Your Spells              Type           Power      Damage    Failure   Level
a - Sandblast             Erth           72%        2d16      1%          1
b - Wereblood             Tmut           36%        N/A       1%          2
c - Confusing Touch       Hex            36%        N/A       3%          3
d - Fulminant Prism       Conj/Hex       18%        3d10      12%         4
e - Cause Fear            Hex            18%        N/A       12%         4
f - Agony                 Necr           36%        N/A       34%         5
g - Death Channel         Necr           18%        N/A       88%         6
Your spell library was empty.

Dungeon Overview and Level Annotations

Branches:
Dungeon (1/1)

Altars:
Cheibriados
Dithmenos
Elyvilon
Fedhas
Gozag
Hepliaklqana
Makhleb
Nemelex Xobeh
Okawaru
Qazlal
Ru
Trog
Uskayaw
Wu Jian
Xom
Yredelemnul
Zin
The Shining One
Jiyva
Lugonu

Shops:
D [**!*(===*

Annotations:
D Mennas


Innate Abilities, Weirdness & Mutations

You are immune to sickness and miasma.
You are immune to poison.
Your flesh is very heat resistant. (rF++)
You are vulnerable to cold. (rC-)
You float through the air rather than walking.
You learn spells naturally, not from books.
Your magical power is your life essence.
You have superior vitality. (+4 MHP)


Message History

You feel very mighty all of a sudden. Mennas misses you.
You block Mennas's attack.
You feel much better.
Mennas is engulfed in a thunderstorm.
You block Mennas's attack.
Mennas hits you with a +4 eudemon blade of holy wrath.
* * * LOW HITPOINT WARNING * * *
Mennas blocks your attack.
Mennas is heavily wounded.
You block Mennas's attack.
Mennas hits you with a +4 eudemon blade of holy wrath.
* * * LOW HITPOINT WARNING * * *
You closely miss Mennas.
Mennas is heavily wounded.
Mennas hits you with a +4 eudemon blade of holy wrath!
* * * LOW HITPOINT WARNING * * *
Mennas hits you with a +4 eudemon blade of holy wrath.
* * * LOW HITPOINT WARNING * * *
You hit Mennas.
The Sulking Sword struggles and turns.
Mennas is heavily wounded.
You block Mennas's attack. Mennas hits you but does no damage.
You slice Mennas!!
The Sulking Sword struggles and turns.
Mennas is heavily wounded.
Mennas hits you with a +4 eudemon blade of holy wrath!!
* * * LOW HITPOINT WARNING * * *
You block Mennas's attack.
Okay, then.
Magic scrolls do not work when you're silenced!
You feel much better. You block Mennas's attack.
Mennas hits you but does no damage.
Okay, then.
Mennas attacks as he pursues you!
Mennas hits you with a +4 eudemon blade of holy wrath!!
* * * LOW HITPOINT WARNING * * *
Mennas closely misses you. Mennas attacks as he pursues you!
Mennas hits you with a +4 eudemon blade of holy wrath!!
You die...
Your body crumbles into a pile of gold.

▓▓▓▓▓▓▓▓▓▓▓▓▓▓▓▓▓▓▓▓*************
...▓...▓...▓...▓.A.▓,,,*,,,*,,,*,
.▓.▓.▓.▓.▓.▓.▓.▓@▓.▓,*,*,*,*,*,*,
.▓.▓.▓.▓.▓.▓.▓.▓.▓.▓,*,*,*,*,*,*,
.▓.▓.▓.▓.▓.▓.▓.▓.▓.▓,*,*,*+*,*,*,
.▓.▓.▓.▓.▓.▓.▓.▓.▓.▓,*,*,*,*,*,*,
.▓.▓.▓.▓.▓.▓.▓.▓.▓.▓,*,*,*,*,*,*,
.▓.▓.▓.▓.▓.▓.▓.▓.▓.▓,*,*,*,*,*,*,
.▓.▓.▓.▓.▓.▓.♣'♣.▓.▓,*+*,*,*,*,*,
.▓.▓.▓.▓.▓.▓.♣.♣.▓.▓,*,*,*,*,*,*,
.▓.▓.▓.▓.▓.▓.♣.♣.▓,*,*,*,*,*,*+*,


You could see Mennas (silencing).

Vanquished Creatures
  Sojobo (D)
  Frederick (D)
  A golden dragon (D)
  Rupert (D)
  2 liches (D)
  Agnes (D)
  2 tengu reavers (D)
  Aizul (D)
  Gastronok (D)
  2 fire giants (D)
  Ilsuiw (D)
  6 nagarajas (D)
  2 vault wardens (D)
  2 emperor scorpions (D)
  A ghost moth (D)
  2 very ugly things (D)
  2 ironbound preservers (D)
  A spriggan defender (D)
  A broodmother (D)
  3 ironbound thunderhulks (D)
  3 stone giants (D)
  Nessos (D)
  A vampire knight (D)
  A bunyip (D)
  A dire elephant (D)
  3 merfolk javelineers (D)
  6 merfolk impalers (D)
  A shambling mangrove (D)
  An entropy weaver (D)
  Harold (D)
  An ice dragon (D)
  A peacekeeper (D)
  A salamander tyrant (D)
  6 hydras (D)
  An anaconda (D)
  An alligator (D)
  An ogre mage (D)
  A spriggan air mage (D)
  An ironbound frostheart (D)
  5 merfolk aquamancers (D)
  A boulder beetle (D)
  3 centaur warriors (D)
  A two-headed ogre (D)
  A naga warrior (D)
  11 orc high priests (D)
  2 deep troll shamans (D)
  4 tengu warriors (D)
  3 spriggan berserkers (D)
  A demonic crawler (D)
  A shock serpent (D)
  A hell knight (D)
  A pharaoh ant (D)
  2 sea snakes (D)
  An orb spider (D)
  3 lindwurms (D)
  7 swamp dragons (D)
  4 ironbound convokers (D)
  4 orc knights (D)
  An ugly thing (D)
  3 salamanders (D)
  2 manticores (D)
  A harpy (D)
  A wolf spider (D)
  2 will-o-the-wisps (D)
  4 moths of wrath (D)
  A merfolk siren (D)
  3 naga magi (D)
  7 elephants (D)
  2 black mambas (D)
  3 vault sentinels (D)
  3 guardian serpents (D)
  5 cane toads (D)
  A torpor snail (D)
  4 komodo dragons (D)
  A tengu conjurer (D)
  A merfolk (D)
  A tyrant leech (D)
  A meliai (D)
  2 tarantellas (D)
  A wind drake (D)
  2 hornets (D)
  A blink frog (D)
  A dream sheep (D)
  A dream sheep (shapeshifter) (D)
  3 slime creatures (D)
  3 jumping spiders (D)
  Eustachio (D)
  A spriggan (D)
  2 yaks (D)
  2 redbacks (D)
  Grum (D)
  A vampire mosquito (D)
  A naga (D)
  An acid dragon (D)
  6 orc warriors (D)
  5 water moccasins (D)
  3 swamp drakes (D)
  4 wolves (D)
  A kobold brigand (D)
  A bullfrog (D)
  A wight (D)
  A howler monkey (D)
  9 orc priests (D)
  An iguana (D)
  2 orc wizards (D)
  A shadow imp (D)
  10 orcs (D)
  A giant cockroach (D)
  A jackal (D)
  A bat (D)
  A goblin (D)
  A quokka simulacrum (D)
  A rat (D)
245 creatures vanquished.

Vanquished Creatures (others)
  A cyclops (D)
  2 foxfires (D)
3 creatures vanquished.

Grand Total: 248 creatures vanquished

Notes
Turn   | Place    | Note
-------+----------+-------------------------------------------
     0 | D        | rocky1 the Djinni Shapeshifter began the quest for the Orb.
     0 | D        | Reached XP level 1. HP: 17/17 MP: 0/0
    37 | D        | Noticed an iguana
    37 | D        | Noticed an orc wizard
    44 | D        | Killed an iguana
    45 | D        | Reached XP level 2. HP: 22/22 MP: 0/0
    45 | D        | Reached XP level 3. HP: 27/27 MP: 0/0
    45 | D        | Learned a level 1 spell: Sandblast
    46 | D        | Reached skill level 5 in Unarmed Combat
    46 | D        | Reached skill level 5 in Shapeshifting
    46 | D        | Reached XP level 4. HP: 33/33 MP: 0/0
   348 | D        | Found a snail-covered altar of Cheibriados.
   348 | D        | Found a shadowy altar of Dithmenos.
   348 | D        | Found a white marble altar of Elyvilon.
   348 | D        | Found a blossoming altar of Fedhas.
   348 | D        | Found an opulent altar of Gozag.
   349 | D        | Found a hazy altar of Hepliaklqana.
   350 | D        | Found a viscous altar of Jiyva.
   352 | D        | Found a corrupted altar of Lugonu.
   353 | D        | Found a burning altar of Makhleb.
   354 | D        | Found a sparkling altar of Nemelex Xobeh.
   355 | D        | Found an iron altar of Okawaru.
   356 | D        | Became a worshipper of Gozag Ym Sagoz the Greedy
   357 | D        | Found a stormy altar of Qazlal.
   358 | D        | Found a sacrificial altar of Ru.
   360 | D        | Found a bloodstained altar of Trog.
   361 | D        | Found a hide-covered altar of Uskayaw.
   363 | D        | Found an ornate altar of the Wu Jian Council.
   364 | D        | Found a shimmering altar of Xom.
   365 | D        | Found a basalt altar of Yredelemnul.
   366 | D        | Found a glowing silver altar of Zin.
   367 | D        | Found a glowing golden altar of the Shining One.
   375 | D        | Found the +11 Singing Sword {sonic wave}
   416 | D        | Noticed a kobold brigand
   416 | D        | Noticed an acid dragon
   416 | D        | Noticed a wight
   416 | D        | Noticed a vampire mosquito
   416 | D        | Noticed a yak
   416 | D        | Noticed a yak
   420 | D        | Killed a kobold brigand
   421 | D        | Reached skill level 1 in Long Blades
   421 | D        | Reached XP level 5. HP: 38/38 MP: 0/0
   421 | D        | Learned a level 2 spell: Wereblood
   421 | D        | Killed an acid dragon
   422 | D        | Reached skill level 3 in Long Blades
   422 | D        | Reached XP level 6. HP: 45/45 MP: 0/0
   424 | D        | Killed a yak
   424 | D        | Killed a vampire mosquito
   425 | D        | Reached skill level 4 in Long Blades
   425 | D        | Reached skill level 10 in Unarmed Combat
   425 | D        | Reached XP level 7. HP: 50/50 MP: 0/0
   425 | D        | Learned a level 3 spell: Confusing Touch
   426 | D        | Killed a yak
   427 | D        | Reached skill level 5 in Long Blades
   667 | D        | Noticed a cyclops
   667 | D        | Noticed a slime creature
   667 | D        | Noticed a centaur warrior
   667 | D        | Noticed a slime creature
   667 | D        | Noticed a two-headed ogre
   673 | D        | Killed a slime creature
   673 | D        | Killed a cyclops
   674 | D        | Reached skill level 6 in Long Blades
   674 | D        | Reached XP level 8. HP: 42/58 MP: 0/0
   676 | D        | Killed a slime creature
   677 | D        | Reached skill level 5 in Dodging
   680 | D        | Killed a centaur warrior
   681 | D        | Reached skill level 5 in Fighting
   681 | D        | Reached skill level 8 in Long Blades
   681 | D        | Reached skill level 1 in Armour
   681 | D        | Reached skill level 1 in Evocations
   681 | D        | Reached skill level 10 in Shapeshifting
   681 | D        | Reached XP level 9. HP: 44/65 MP: 0/0
   681 | D        | Learned a level 4 spell: Fulminant Prism
   684 | D        | Killed a two-headed ogre
   685 | D        | Reached skill level 9 in Long Blades
  1332 | D        | Noticed a komodo dragon
  1332 | D        | Noticed a blink frog
  1333 | D        | Noticed a cane toad
  1335 | D        | Killed a komodo dragon
  1336 | D        | Reached XP level 10. HP: 72/72 MP: 0/0
  1336 | D        | Noticed a komodo dragon
  1338 | D        | Reached skill level 10 in Long Blades
  1341 | D        | Killed a cane toad
  1346 | D        | Killed a komodo dragon
  1594 | D        | Noticed a cane toad
  1594 | D        | Noticed a cane toad
  1594 | D        | Noticed a komodo dragon
  1594 | D        | Noticed a cane toad
  1594 | D        | Noticed a boulder beetle
  1596 | D        | Noticed a komodo dragon
  1598 | D        | Killed a cane toad
  1598 | D        | Noticed a cane toad
  1599 | D        | Reached skill level 11 in Long Blades
  1599 | D        | Reached skill level 5 in Armour
  1600 | D        | Killed a cane toad
  1602 | D        | Killed a boulder beetle
  1604 | D        | Killed a cane toad
  1604 | D        | Killed a komodo dragon
  1605 | D        | Reached skill level 12 in Long Blades
  1605 | D        | Reached XP level 11. HP: 82/82 MP: 0/0
  1605 | D        | Learned a level 4 spell: Cause Fear
  1764 | D        | Noticed an elephant
  1764 | D        | Noticed an elephant
  1764 | D        | Noticed an elephant
  1765 | D        | Noticed an elephant
  1767 | D        | Killed an elephant
  1770 | D        | Killed an elephant
  1771 | D        | Reached skill level 13 in Long Blades
  1771 | D        | Reached skill level 10 in Dodging
  1772 | D        | Killed an elephant
  1775 | D        | Noticed a dire elephant
  1775 | D        | Noticed an elephant
  1780 | D        | Killed an elephant
  1781 | D        | Noticed an elephant
  1782 | D        | Noticed an elephant
  1784 | D        | Killed an elephant
  1787 | D        | Killed a dire elephant
  1791 | D        | Killed an elephant
  1792 | D        | Reached skill level 10 in Fighting
  1796 | D        | Killed an elephant
  1797 | D        | Reached skill level 14 in Long Blades
  1975 | D        | Bought a crude robe for 176 gold pieces
  1975 | D        | Identified the +1 robe of the Orange {+Inv Will+ Dex+4}
                  | (You bought it in a shop in the Dungeon)
  1975 | D        | Bought a shiny ring mail for 217 gold pieces
  1975 | D        | Bought a dyed leather armour for 155 gold pieces
  1975 | D        | Bought a runed helmet for 232 gold pieces
  1975 | D        | Bought a runed ring mail for 217 gold pieces
  2032 | D        | Noticed Eustachio
  2043 | D        | Killed Eustachio
  2059 | D        | Noticed Gastronok
  2068 | D        | Killed Gastronok
  2068 | D        | Noticed Harold
  2077 | D        | Killed Harold
  2078 | D        | Reached XP level 12. HP: 22/93 MP: 0/0
  2493 | D        | Noticed an orc high priest
  2497 | D        | Killed an orc high priest
  2498 | D        | Reached skill level 15 in Long Blades
  2524 | D        | Reached skill level 16 in Long Blades
  2671 | D        | Found Zyeboe's General Store.
  2671 | D        | Noticed an orc high priest
  2671 | D        | Noticed an orc high priest
  2671 | D        | Noticed an orc high priest
  2673 | D        | Noticed an orc high priest
  2674 | D        | Found Duiff's Assorted Antiques.
  2674 | D        | Noticed an orc high priest
  2675 | D        | Killed an orc high priest
  2679 | D        | Killed an orc high priest
  2679 | D        | Killed an orc high priest
  2680 | D        | Killed an orc high priest
  2681 | D        | Reached skill level 17 in Long Blades
  2681 | D        | Noticed an orc high priest
  2682 | D        | Found Zoimemoh's Distillery.
  2682 | D        | Noticed an orc high priest
  2683 | D        | Noticed an orc high priest
  2685 | D        | Killed an orc high priest
  2685 | D        | Killed an orc high priest
  2687 | D        | Found Ladin's Assorted Antiques.
  2688 | D        | Noticed an orc high priest
  2688 | D        | Noticed an orc high priest
  2690 | D        | Killed an orc high priest
  2694 | D        | Killed an orc high priest
  2697 | D        | Killed an orc high priest
  2698 | D        | Reached skill level 18 in Long Blades
  2703 | D        | Killed an orc high priest
  2704 | D        | Reached XP level 13. HP: 51/104 MP: 0/0
  2704 | D        | Learned a level 5 spell: Agony
  2849 | D        | Bought a potion of heal wounds for 70 gold pieces
  2851 | D        | Bought a scroll of identify for 52 gold pieces
  2851 | D        | Bought a glowing scarf for 208 gold pieces
  2851 | D        | Bought a potion of heal wounds for 130 gold pieces
  2851 | D        | Bought a scroll labelled LOGRAIMEFU for 26 gold pieces
  2851 | D        | Bought a scroll labelled JURRURAGIU for 26 gold pieces
  2851 | D        | Bought a shiny ring mail for 182 gold pieces
  2851 | D        | Bought a scroll labelled MOETOMEMEN for 26 gold pieces
  2851 | D        | Bought a scroll labelled CUERA NUSISA for 26 gold pieces
  2852 | D        | Noticed a seven-headed hydra
  2852 | D        | Noticed a centaur warrior
  2852 | D        | Noticed an ogre mage
  2852 | D        | Noticed a stone giant
  2852 | D        | Noticed a stone giant
  2852 | D        | Noticed a cyan very ugly thing
  2853 | D        | Noticed a spriggan air mage
  2855 | D        | Bought a potion of curing for 36 gold pieces
  2855 | D        | Bought a potion of curing for 36 gold pieces
  2855 | D        | Bought a potion of berserk rage for 60 gold pieces
  2855 | D        | Bought a potion of degeneration for 12 gold pieces
  2855 | D        | Bought a potion of might for 48 gold pieces
  2855 | D        | Bought a potion of might for 48 gold pieces
  2855 | D        | Bought 2 potions of resistance for 240 gold pieces
  2858 | D        | Bought a shiny sapphire ring for 80 gold pieces
  2858 | D        | Bought a scroll of fear for 64 gold pieces
  2858 | D        | Bought a scroll labelled MUFU NASOIC for 16 gold pieces
  2858 | D        | Bought an embroidered cloak for 120 gold pieces
  2858 | D        | Bought a twisted plate armour for 448 gold pieces
  2858 | D        | Identified the +9 plate armour "Pan Veha" {Slay+2} (You
                  | bought it in a shop in the Dungeon)
  2997 | D        | Bought a slimy demon blade for 760 gold pieces
  2997 | D        | Identified the +4 demon blade "Jinogrokk" {spect, Int+3
                  | Stlth+} (You bought it in a shop in the Dungeon)
  3195 | D        | Found the +7 captain's cutlass {speed, disarm}
  3277 | D        | Killed a nine-headed hydra
  3284 | D        | Killed a centaur warrior
  3290 | D        | Reached skill level 10 in Armour
  3295 | D        | Reached skill level 5 in Spellcasting
  3295 | D        | Reached skill level 5 in Conjurations
  3295 | D        | Reached skill level 5 in Hexes
  3295 | D        | Reached skill level 5 in Summonings
  3295 | D        | Reached skill level 5 in Necromancy
  3295 | D        | Reached skill level 5 in Translocations
  3295 | D        | Reached skill level 5 in Transmutations
  3295 | D        | Reached skill level 5 in Fire Magic
  3295 | D        | Reached skill level 5 in Ice Magic
  3295 | D        | Reached skill level 5 in Air Magic
  3295 | D        | Reached skill level 5 in Earth Magic
  3295 | D        | Reached skill level 5 in Poison Magic
  3295 | D        | Killed an ogre mage
  3297 | D        | Killed a stone giant
  3302 | D        | Killed a spriggan air mage
  3302 | D        | Killed a stone giant
  3303 | D        | HP: 3/106 [cyan very ugly thing (21)]
  3643 | D        | Reached skill level 15 in Fighting
  3708 | D        | Killed a cyan very ugly thing
  3709 | D        | Reached skill level 19 in Long Blades
  3808 | D        | Bought the necklace of Bloodlust {Fury *Rage Will++ Int-3
                  | Slay+6} for 498 gold pieces
  3808 | D        | Found the necklace of Bloodlust {Fury *Rage Will++ Int-3
                  | Slay+6}
  3808 | D        | Bought the ring of the Illusory Beds {Drain rPois rN+ Will+
                  | Dex+4} for 435 gold pieces
  3856 | D        | Noticed Grum
  3865 | D        | Killed Grum
  3874 | D        | Noticed Nessos
  3899 | D        | Killed Nessos
  4253 | D        | Noticed a salamander tyrant
  4253 | D        | Noticed an anaconda
  4259 | D        | Killed a salamander tyrant
  4271 | D        | Killed an anaconda
  4281 | D        | Reached XP level 14. HP: 101/114 MP: 0/0
  4557 | D        | Bought a dragon-blood talisman for 1200 gold pieces
  4557 | D        | Bought the amulet "Teawnit" {Faith rElec Dex-2 SInv} for
                  | 810 gold pieces
  4619 | D        | Noticed a broodmother
  4628 | D        | Reached skill level 20 in Long Blades
  4630 | D        | Killed a broodmother
  4636 | D        | Reached skill level 15 in Dodging
  5021 | D        | Noticed a bunyip
  5036 | D        | Killed a bunyip
  5184 | D        | Noticed Agnes
  5192 | D        | Killed Agnes
  5594 | D        | Noticed a lich
  5594 | D        | Noticed a lich
  5595 | D        | Noticed a golden dragon
  5597 | D        | Killed a lich
  5598 | D        | Reached skill level 21 in Long Blades
  5600 | D        | Noticed a green very ugly thing
  5602 | D        | Killed a lich
  5603 | D        | Reached skill level 22 in Long Blades
  5604 | D        | Noticed a vampire knight
  5606 | D        | Killed a golden dragon
  5607 | D        | Reached XP level 15. HP: 86/122 MP: 0/0
  5607 | D        | Learned a level 6 spell: Death Channel
  5612 | D        | Killed a green very ugly thing
  5616 | D        | Reached skill level 23 in Long Blades
  5618 | D        | Noticed a spriggan defender
  5622 | D        | Killed a spriggan defender
  5623 | D        | Noticed a fire giant
  5624 | D        | Noticed a stone giant
  5629 | D        | Noticed a fire giant
  5633 | D        | Killed a fire giant
  5634 | D        | Reached skill level 24 in Long Blades
  5638 | D        | Killed a stone giant
  5645 | D        | Killed a fire giant
  5944 | D        | Reached skill level 25 in Long Blades
  5944 | D        | Noticed a vault warden
  5959 | D        | Killed a vault warden
  5960 | D        | Noticed a vault warden
  5961 | D        | Noticed an ironbound preserver
  5964 | D        | Noticed an ironbound preserver
  5968 | D        | Reached skill level 26 in Long Blades
  5973 | D        | Killed a vault warden
  5977 | D        | Killed an ironbound preserver
  5980 | D        | Killed an ironbound preserver
  6340 | D        | Bought a +6 ring of dexterity for 720 gold pieces
  6371 | D        | Noticed Aizul
  6387 | D        | Killed Aizul
  6412 | D        | Noticed a tengu reaver
  6413 | D        | Noticed Sojobo
  6415 | D        | Noticed a tengu reaver
  6421 | D        | Killed a tengu reaver
  6422 | D        | Noticed Rupert
  6428 | D        | Killed Sojobo
  6429 | D        | Killed a tengu reaver
  6430 | D        | Reached XP level 16. HP: 40/134 MP: 0/0
  6435 | D        | Killed Rupert
  6962 | D        | Bought a phial of floods for 1600 gold pieces
  6962 | D        | Bought a gold wand for 160 gold pieces
  6962 | D        | Bought a forked gold wand for 160 gold pieces
  6962 | D        | Bought a metallic pink potion for 36 gold pieces
  6962 | D        | Bought a wand of acid (5) for 840 gold pieces
  6968 | D        | Found the +3 robe of Clouds {*Thunder rCloud rElec}
  7062 | D        | Noticed Frederick
  7070 | D        | Killed Frederick
  7162 | D        | Reached skill level 5 in Shields
  7175 | D        | Got a decaying rune of Zot
  7252 | D        | Noticed a nagaraja
  7252 | D        | Noticed a nagaraja
  7254 | D        | Killed a nagaraja
  7256 | D        | Noticed a nagaraja
  7261 | D        | Noticed a nagaraja
  7262 | D        | Killed a nagaraja
  7263 | D        | Noticed a nagaraja
  7263 | D        | Noticed a nagaraja
  7265 | D        | Reached skill level 15 in Armour
  7267 | D        | Killed a nagaraja
  7273 | D        | Killed a nagaraja
  7274 | D        | Killed a nagaraja
  7276 | D        | Killed a nagaraja
  7280 | D        | Got a serpentine rune of Zot
  7599 | D        | Noticed an emperor scorpion
  7605 | D        | Killed an emperor scorpion
  7616 | D        | Noticed an emperor scorpion
  7632 | D        | Killed an emperor scorpion
  7638 | D        | Got a gossamer rune of Zot
  7854 | D        | Noticed Ilsuiw
  7868 | D        | Killed Ilsuiw
  7869 | D        | Reached skill level 10 in Shields
  7898 | D        | Got a barnacled rune of Zot
  8089 | D        | Noticed Mennas
  8104 | D        | HP: 2/141 [Mennas/+4 eudemon blade of holy wrath (25)]
  8107 | D        | Demolished by Mennas

Illustrated notes

Levels and vault maps discovered:
D:        linesprint [early_d, line_temple, items_1, d_10, items_2, lair_1,
          lair_end, items_3, orc_1, orc_end, items_4, d_15, swamp_1, shoals_1,
          snake_1, spider_1, d_20, vaults_1, items_5, swamp_end, shoals_end,
          snake_end, spider_end, vaults_end, d_27, items_6, zot_1, zot_end,
          crypt_end, forest_end, elf_end, slime_end, tomb_end, abyss_end,
          pan_hell_end]

Skill      XL: |  1  2  3  4  5  6  7  8  9 10 11 12 13 14 15 16 |
---------------+-------------------------------------------------+-----
Shapeshifting  | 4 5 6 8 9 10 | 10.7
Unarmed Combat | 4 5 7 8 10 | 10.7
Dodging        | 3 4 5 6 9 11 14 15 19 | 19.2
Fighting       | 2 3 4 5 6 8 10 13 15 16 18 21 | 21.8
Long Blades    | 1 3 4 6 8 9 12 14 18 19 22 26 | 26.9
Spellcasting   | 2 3 4 7 9 |  9.6
Conjurations   | 2 3 4 7 9 |  9.6
Hexes          | 2 3 4 7 9 |  9.6
Summonings     | 2 3 4 7 9 |  9.6
Necromancy     | 2 3 4 7 9 |  9.6
Translocations | 2 3 4 7 9 |  9.6
Transmutations | 2 3 4 7 9 |  9.6
Fire Magic     | 2 3 4 7 9 |  9.6
Ice Magic      | 2 3 4 7 9 |  9.6
Air Magic      | 2 3 4 7 9 |  9.6
Earth Magic    | 2 3 4 7 9 |  9.6
Poison Magic   | 2 3 4 7 9 |  9.6
Armour         | 1 3 6 9 12 13 17 | 17.0
Evocations     | 1 2 |  2.0
Shields        | 11 | 11.1

Action                     |  1- 3 |  4- 6 |  7- 9 | 10-12 | 13-15 | 16-18 || total
---------------------------+-------+-------+-------+-------+-------+-------++-------
  Melee: Unarmed           |    19 |     8 |       |       |       |       ||    27
         Double sword      |       |     6 |    10 |   114 |   244 |    99 ||   473
         Punch             |       |       |     2 |     9 |    23 |     1 ||    35
   Cast: Wereblood         |       |       |     1 |       |     2 |       ||     3
 Invoke: Potion Petition   |       |       |       |     1 |     4 |       ||     5
         Call Merchant     |       |       |       |     1 |     4 |     1 ||     6
  Evoke: Wand              |       |       |     5 |       |       |     9 ||    14
    Use: Potion            |     1 |     1 |     5 |       |     4 |     5 ||    16
         Scroll            |       |       |       |       |     6 |     2 ||     8
   Stab: Invisible         |       |       |     2 |       |     7 |       ||     9
         Distracted        |       |       |       |     2 |     6 |     3 ||    11
 Armour: Animal skin       |     8 |       |       |       |       |       ||     8
         Skin              |     4 |     5 |       |       |       |       ||     9
         Ring mail         |       |     1 |     9 |    32 |       |       ||    42
         Plate armour      |       |       |       |       |   209 |     2 ||   211
         Robe              |       |       |       |       |       |    67 ||    67
  Dodge: Dodged            |     4 |     2 |    12 |    48 |    88 |    79 ||   233
         Repelled          |       |       |       |       |     3 |     2 ||     5
  Block: Tower shield      |       |       |       |       |       |    85 ||    85
         Reflection        |       |       |       |       |       |     6 ||     6
         Form:             |       |       |     1 |       |       |       ||     1

Table legend: (Time is in decaauts)
 A = Elapsed time spent in this place.
 B = Non-inter-level travel time spent in this place.
 C = Inter-level travel time spent in this place.
 D = Time resting spent in this place.
 E = Time spent auto-exploring this place.
 F = Levels seen in this place.
 G = Mean time per level.
                   A        B        C        D        E       F      G
               +--------+--------+--------+--------+--------+-----+--------+
         Total |   8015 |   8004 |     11 |   5203 |      0 |   1 | 8015.0 |
       Dungeon |   8015 |   8004 |     11 |   5203 |      0 |   1 | 8015.0 |
               +--------+--------+--------+--------+--------+-----+--------+

Top non-repeatable levels by time:
       D: 8015 daAuts
